AoeStats
← SHK

Black Forest

510320381Analyzed
2v2 RM · 2d ago on Sep 30, 2026· 66m 57s· 4 players
Game mode
Random Map
Map size
Medium (4 player)
Population
200
Speed
Normal
Resources
Standard
Victory
Conquest
Starting age
Dark Age
Ending age
Imperial Age
RankedLock teamsTeams togetherTeam positionsShared explorationLock speedFull tech treeHidden civsTurbo modeCheats
Victory
Defeat
🇹🇼 Khmer · Taiwan
1181
+15
🇮🇹 Magyars · Italy
1070
+20
🇹🇼 Franks · Taiwan
1166
-18
🇰🇷 Spanish · South Korea
1143
-17
SHK
0:35 Loom
12:21 Feudal Age
18:01 Castle Age
16:20 Horse Collar
16:29 Double-Bit Axe
17:40 Stone Mining
19:13 Bow Saw
19:12 Heavy Plow
26:15 Wheelbarrow
29:51 Bloodlines
33:10 Imperial Age
32:25 Forging
32:21 Scale Barding Armor
33:31 Husbandry
34:07 Iron Casting
33:23 Cavalier
34:32 Conscription
34:50 Chain Barding Armor
34:47 Hand Cart
36:51 Blast Furnace
36:54 Plate Barding Armor
35:59 Paladin
38:25 Caravan
39:03 Pikeman
39:51 Halberdier
40:49 Scale Mail Armor
41:49 Chain Mail Armor
44:15 Plate Mail Armor
46:09 Gold Mining
48:00 Onager
52:23 Chemistry
58:35 Two-Man Saw
61:59 Light Cavalry
ping3026
0:27 Loom
13:48 Feudal Age
18:52 Castle Age
16:47 Double-Bit Axe
18:26 Forging
18:45 Scale Barding Armor
28:43 Wheelbarrow
30:05 Gold Mining
31:36 Bow Saw
33:20 Town Watch
34:43 Hand Cart
35:00 Husbandry
36:25 Chain Barding Armor
39:15 Iron Casting
39:03 Masonry
55:41 Treadmill Crane
Davidbin
5:48 Loom
11:21 Feudal Age
14:48 Castle Age
12:35 Double-Bit Axe
13:18 Horse Collar
16:09 Bow Saw
16:31 Heavy Plow
20:13 Wheelbarrow
21:57 Stone Mining
23:37 Gold Mining
25:25 Gold Shaft Mining
25:51 Stone Shaft Mining
25:50 Hand Cart
27:57 Scale Barding Armor
28:02 Forging
31:02 Imperial Age
28:58 Chain Barding Armor
29:25 Bloodlines
28:35 Light Cavalry
30:23 Ballistics
30:52 Iron Casting
32:09 Conscription
31:52 Double Crossbow
32:00 Husbandry
32:49 Plate Barding Armor
32:49 Crop Rotation
32:21 Town Watch
32:47 Fletching
35:09 Chemistry
35:54 Blast Furnace
34:33 Elite Ballista Elephant
35:53 Masonry
37:06 Hoardings
35:54 Hussar
37:14 Town Patrol
40:00 Architecture
39:35 Siege Engineers
39:31 Bodkin Arrow
44:55 Padded Archer Armor
47:09 Bracer
47:26 Siege Engineers
47:33 Fortified Wall
58:29 Leather Archer Armor
67:58 Ring Archer Armor
67:29 Scale Mail Armor
riccardog92
10:44 Feudal Age
15:10 Castle Age
14:25 Loom
16:10 Wheelbarrow
16:56 Double-Bit Axe
16:57 Loom
19:13 Horse Collar
23:31 Scale Barding Armor
36:38 Masonry
37:04 Bow Saw
36:59 Heavy Plow
41:50 Imperial Age
46:07 Imperial Age
45:42 Thumb Ring
46:17 Fletching
47:22 Parthian Tactics
47:54 Bodkin Arrow
51:09 Ballistics
51:48 Bracer
52:58 Chemistry
54:30 Hand Cart
56:20 Two-Man Saw
56:39 Crop Rotation
57:29 Gold Mining
58:20 Heavy Cavalry Archer
61:17 Padded Archer Armor
63:58 Leather Archer Armor
64:03 Chain Barding Armor
64:16 Coinage
Connection lost

Rejoining the realm…

Still unreachable

The connection could not be restored.

Session expired

The server has moved on; the page needs a fresh start.